[Event "European Online Club-ch-D 2021"]
[Site "Online"]
[Date "2021.03.27"]
[Round "5.20"]
[White "Kelmendi, Bajrush"]
[Black "Muminova, Nafisa"]
[Result "0-1"]
[ECO "C20"]
[WhiteElo "1951"]
[BlackElo "2274"]
[Annotator "NA"]
[PlyCount "144"]
[EventDate "2021.03.27"]
[EventType "team-tourn"]
[EventCountry "NET"]
[SourceTitle "playchess.com"]
[Source "ChessBase"]
[SourceQuality "1"]
[TimeControl "900+5"]

1. c4 e5 2. Nc3 Nc6 3. e4 Bc5 4. d3 d6 5. Be2 Nf6 6. h4 Be6 7. a3 a5 8. Be3 Qd7 9. Nf3 Ng4 10. Bxc5 dxc5 11. Na4 b6 12. Nc3 h5 13. Nd5 Ne7 14. Ng5 Bxd5 15. cxd5 c6 16. dxc6 Nxc6 17. Qa4 Rd8 18. f3 Nf6 19. O-O-O Nd4 20. Qxd7+ Rxd7 21. Kd2 Ke7 22. Ke3 Rhd8 23. g3 g6 24. Bf1 Ne8 25. f4 f6 26. Nf3 Nxf3 27. Kxf3 Nc7 28. fxe5 fxe5 29. Ke3 Nb5 30. Bh3 Rd6 31. g4 c4 32. Bf1 Nd4 33. Rh2 hxg4 34. Rg2 Rf8 35. Be2 Nxe2 36. Kxe2 cxd3+ 37. Rxd3 Rxd3 38. Kxd3 Rf4 39. Ke3 Kf7 40. Rc2 Rf3+ 41. Ke2 Rb3 42. Kf1 Kg7 43. Rg2 g3 44. Rc2 Kh6 45. Kg2 Kh5 46. Kh3 g2+ 47. Kxg2 Kxh4 48. Kh2 g5 49. Kg2 Kg4 50. Rf2 a4 51. Kg1 Kg3 52. Rf5 g4 53. Rf2 Kh3 54. Rh2+ Kg3 55. Rd2 Kf4 56. Rc2 Kxe4 57. Kg2 Kf4 58. Rf2+ Kg5 59. Rc2 Kh4 60. Rd2 e4 61. Re2 e3 62. Rc2 b5 63. Kh2 g3+ 64. Kg2 Kg4 65. Re2 Rd3 66. Re1 Rd2+ 67. Kg1 Kf3 68. Rf1+ Rf2 69. Rc1 Rg2+ 70. Kh1 Rf2 71. Kg1 g2 72. Kh2 Rf1 0-1

[Event "European Online Club-ch-D 2021"]
[Site "Online"]
[Date "2021.03.27"]
[Round "6.1"]
[White "Eren, Ataberk"]
[Black "Reimanis, Ritvars"]
[Result "1-0"]
[ECO "D02"]
[WhiteElo "2306"]
[BlackElo "2412"]
[Annotator "NA"]
[PlyCount "91"]
[EventDate "2021.03.27"]
[EventType "team-tourn"]
[EventCountry "NET"]
[SourceTitle "playchess.com"]
[Source "ChessBase"]
[SourceQuality "1"]
[TimeControl "900+5"]

1. d4 Nf6 2. Nf3 e6 3. Bf4 d5 4. e3 Bd6 5. Bg3 c5 6. Bb5+ Nc6 7. c3 O-O 8. Nbd2 Ne4 9. Nxe4 dxe4 10. Nd2 f5 11. Bxc6 bxc6 12. Bxd6 Qxd6 13. Nb3 cxd4 14. Qxd4 Qc7 15. Rd1 Rb8 16. Qd6 Qxd6 17. Rxd6 Rb6 18. O-O Kf7 19. Rfd1 Ke7 20. R6d2 Rb5 21. c4 Rb4 22. Na5 Kf6 23. b3 Rb6 24. Rd6 c5 25. Rc6 Rxc6 26. Nxc6 Bb7 27. Na5 Rf7 28. Kf1 Rc7 29. Rd8 Bc8 30. Ke1 Ke7 31. Rg8 Kf6 32. Kd2 e5 33. Rf8+ Ke7 34. Rh8 h6 35. Kc3 f4 36. a3 Be6 37. Ra8 Kf6 38. Rd8 Ke7 39. Rd2 g5 40. b4 cxb4+ 41. axb4 a6 42. c5 h5 43. Rd6 g4 44. Nc6+ Rxc6 45. Rxc6 h4 46. g3 1-0

[Event "European Online Club-ch-D 2021"]
[Site "Online"]
[Date "2021.03.27"]
[Round "6.2"]
[White "Kvetny, Mark"]
[Black "Erdogan, Anil Berk"]
[Result "0-1"]
[ECO "A36"]
[WhiteElo "2416"]
[BlackElo "2155"]
[Annotator "NA"]
[PlyCount "78"]
[EventDate "2021.03.27"]
[EventType "team-tourn"]
[EventCountry "NET"]
[SourceTitle "playchess.com"]
[Source "ChessBase"]
[SourceQuality "1"]
[TimeControl "900+5"]

1. c4 c5 2. g3 g6 3. Bg2 Bg7 4. Nc3 Nc6 5. d3 e6 6. Bf4 d6 7. Qc1 h6 8. a3 Nge7 9. Rb1 a5 10. Nf3 Qd7 11. h4 b6 12. Nb5 e5 13. Bd2 Bb7 14. O-O Nd4 15. Nbxd4 exd4 16. b4 axb4 17. axb4 Ra7 18. bxc5 bxc5 19. Rb6 Nc8 20. Rb3 h5 21. e3 dxe3 22. Bxe3 O-O 23. Bh6 Ne7 24. Bxg7 Kxg7 25. Re1 Nf5 26. Qb2+ Kg8 27. Ng5 Bxg2 28. Kxg2 Nd4 29. Rb8 Qc6+ 30. Kg1 Ra8 31. Rxf8+ Rxf8 32. Re3 d5 33. cxd5 Qxd5 34. Ne4 Qc6 35. Qc3 Rc8 36. Qc4 Ne6 37. Re1 Qb6 38. Rc1 Qc6 39. Qc3 Nd4 0-1

[Event "European Online Club-ch-D 2021"]
[Site "Online"]
[Date "2021.03.27"]
[Round "6.3"]
[White "Ozkan, Ervin"]
[Black "Hoffmann, Hendrik"]
[Result "1/2-1/2"]
[ECO "D02"]
[WhiteElo "2147"]
[BlackElo "2242"]
[Annotator "NA"]
[PlyCount "184"]
[EventDate "2021.03.27"]
[EventType "team-tourn"]
[EventCountry "NET"]
[SourceTitle "playchess.com"]
[Source "ChessBase"]
[SourceQuality "1"]
[TimeControl "900+5"]

1. d4 d5 2. Nf3 Nf6 3. Bf4 c5 4. e3 Nc6 5. c3 Qb6 6. Qc2 Bf5 7. dxc5 Bxc2 8. cxb6 axb6 9. Na3 Bg6 10. Nb5 Kd7 11. Ne5+ Nxe5 12. Bxe5 e6 13. Be2 Be7 14. f3 Rhc8 15. O-O Ne8 16. Rfd1 f6 17. Bg3 Bc5 18. Kf2 Ke7 19. Rd2 Nd6 20. Nxd6 Bxd6 21. Bxd6+ Kxd6 22. e4 Ra5 23. exd5 Rxd5 24. Rxd5+ exd5 25. Rd1 Ke5 26. Rd4 Ra8 27. f4+ Ke6 28. Bf3 Be4 29. Bxe4 dxe4 30. Rxe4+ Kf5 31. Rb4 Rxa2 32. Rxb6 Kxf4 33. Rxb7 g5 34. g3+ Ke4 35. Rb4+ Ke5 36. g4 Ra1 37. Rb5+ Ke4 38. h3 Rd1 39. Rb4+ Ke5 40. Rd4 Rh1 41. Kg2 Rb1 42. Rd2 Kf4 43. Rf2+ Ke4 44. Re2+ Kf4 45. Rc2 Ke5 46. c4 Kd6 47. c5+ Kc6 48. Kf3 Rh1 49. Kg3 Rg1+ 50. Kf2 Rh1 51. Kg2 Rb1 52. Kh2 Rd1 53. b4 Rd4 54. b5+ Kxb5 55. c6 Rd8 56. c7 Rc8 57. Kg3 Kb6 58. Rf2 Kxc7 59. Rxf6 Kd7 60. Rf7+ Ke6 61. Rxh7 Rc3+ 62. Kg2 Kf6 63. Rh8 Kg7 64. Re8 Kf7 65. Re5 Kf6 66. Rf5+ Kg6 67. Rf3 Rc2+ 68. Kg3 Rc1 69. Ra3 Rf1 70. Ra6+ Kg7 71. Kg2 Rf4 72. Rc6 Kh7 73. Kg3 Rf1 74. Rc5 Kg6 75. Rc6+ Kg7 76. Rc2 Ra1 77. Rc3 Rf1 78. Rf3 Ra1 79. Rf2 Ra3+ 80. Kg2 Rb3 81. Rf5 Kg6 82. Rf3 Rb2+ 83. Kg3 Ra2 84. h4 gxh4+ 85. Kxh4 Ra1 86. Rb3 Rh1+ 87. Kg3 Rg1+ 88. Kf4 Rf1+ 89. Kg3 Rg1+ 90. Kf3 Rf1+ 91. Kg2 Ra1 92. Kg3 Rg1+ 1/2-1/2

[Event "European Online Club-ch-D 2021"]
[Site "Online"]
[Date "2021.03.27"]
[Round "6.4"]
[White "Kelmendi, Bajrush"]
[Black "Erdogmus, Yagiz Kaan"]
[Result "0-1"]
[ECO "B20"]
[WhiteElo "1951"]
[BlackElo "1955"]
[Annotator "NA"]
[PlyCount "110"]
[EventDate "2021.03.27"]
[EventType "team-tourn"]
[EventCountry "NET"]
[SourceTitle "playchess.com"]
[Source "ChessBase"]
[SourceQuality "1"]
[TimeControl "900+5"]

1. c4 c5 2. Nc3 Nc6 3. e4 g6 4. d3 Bg7 5. Be2 e6 6. g4 Nge7 7. h4 d5 8. h5 dxc4 9. dxc4 Qxd1+ 10. Bxd1 O-O 11. f4 Bxc3+ 12. bxc3 b6 13. f5 Ne5 14. Bg5 f6 15. Bh6 Rd8 16. hxg6 hxg6 17. fxg6 N7xg6 18. g5 Bb7 19. gxf6 Bxe4 20. Rh5 Kf7 21. Bg7 Nd3+ 22. Kf1 Ndf4 23. Rh6 e5 24. Bf3 Bd3+ 25. Kf2 e4 26. Bh1 Ne6 27. Re1 Nxg7 28. fxg7 Kxg7 29. Rh3 Rf8+ 30. Kg3 Rae8 31. Rh5 e3 32. Bd5 Nf4 33. Rg5+ Kh6 34. Rg4 Nh5+ 35. Kh3 Bf5 36. Bf3 Bxg4+ 37. Bxg4 Rf2 38. Ne2 Nf4+ 39. Nxf4 Rxf4 40. Be2 Kg5 41. Kg3 Rf2 42. a4 Kf6 43. Bf3 Rc2 44. Kf4 Rxc3 45. Bd5 e2 46. Bf3 Rxc4+ 47. Kg3 Rc3 48. Kf2 c4 49. Bxe2 Rc2 50. Kf1 Rexe2 51. Rxe2 Rxe2 52. Kxe2 a6 53. Ke3 Ke5 54. Kd2 Kd4 55. Kc2 b5 0-1

[Event "European Online Club-ch-D 2021"]
[Site "Online"]
[Date "2021.03.27"]
[Round "6.5"]
[White "Sanchez Gonzalez, Sergio"]
[Black "Tokhirjonova, Gulrukhbegim"]
[Result "0-1"]
[ECO "A18"]
[WhiteElo "2281"]
[BlackElo "2362"]
[Annotator "NA"]
[PlyCount "102"]
[EventDate "2021.03.27"]
[EventType "team-tourn"]
[EventCountry "NET"]
[SourceTitle "playchess.com"]
[Source "ChessBase"]
[SourceQuality "1"]
[TimeControl "900+5"]

1. c4 Nf6 2. Nc3 e6 3. e4 d5 4. e5 Nfd7 5. d4 dxc4 6. Bxc4 Nb6 7. Bb3 Na6 8. Nf3 Be7 9. a3 c5 10. d5 exd5 11. Nxd5 Nxd5 12. Qxd5 O-O 13. Qe4 Qb6 14. Bc2 g6 15. Qe2 Bd7 16. Bd3 Nc7 17. O-O Ne6 18. Be3 Rac8 19. Rfc1 a5 20. b4 Rfd8 21. Rab1 Qa7 22. bxc5 Bxc5 23. Bxc5 Rxc5 24. Be4 b6 25. Rd1 Qc7 26. Qe3 Ba4 27. Rxd8+ Qxd8 28. h3 b5 29. Rb2 Qc7 30. Rd2 Rc3 31. Qh6 Rxa3 32. Bd5 Ra1+ 33. Kh2 Rd1 34. Bxe6 fxe6 35. Re2 Bb3 36. Ng5 Rd4 37. Re3 Bc4 38. f4 Qg7 39. Qh4 Bd5 40. Qe1 Qc7 41. Qa1 Rxf4 42. Re2 b4 43. Qa4 Qd8 44. Nf3 Bxf3 45. gxf3 Rxf3 46. Qc6 Qd5 47. Qe8+ Rf8 48. Qe7 b3 49. Qa3 Qc4 50. Rb2 a4 51. Qd6 Qf4+ 0-1

[Event "European Online Club-ch-D 2021"]
[Site "Online"]
[Date "2021.03.27"]
[Round "6.6"]
[White "Nandhidhaa, P V"]
[Black "Gongora Montes, Benjamin"]
[Result "1-0"]
[ECO "C26"]
[WhiteElo "2365"]
[BlackElo "2198"]
[Annotator "NA"]
[PlyCount "91"]
[EventDate "2021.03.27"]
[EventType "team-tourn"]
[EventCountry "NET"]
[SourceTitle "playchess.com"]
[Source "ChessBase"]
[SourceQuality "1"]
[TimeControl "900+5"]

1. e4 e5 2. Nc3 Nf6 3. g3 Bc5 4. Bg2 d6 5. h3 h5 6. d3 h4 7. g4 Be6 8. Bg5 c6 9. Nge2 Nbd7 10. O-O Qe7 11. Na4 Bb4 12. c3 Ba5 13. b4 Bc7 14. d4 Bc4 15. Nb2 Bxe2 16. Qxe2 Nf8 17. d5 Ng6 18. dxc6 bxc6 19. Qc4 Qd7 20. Rad1 O-O 21. Nd3 Nxg4 22. Kh1 Nf6 23. f4 Nh5 24. f5 Ng3+ 25. Kh2 Nxf1+ 26. Rxf1 Nf4 27. Nxf4 exf4 28. Bf3 d5 29. Qd3 a5 30. b5 cxb5 31. exd5 Be5 32. f6 Rac8 33. fxg7 Bxg7 34. Bg4 Qd6 35. Bxc8 Rxc8 36. Bxf4 Qa3 37. Rg1 Rxc3 38. Rxg7+ Kxg7 39. Be5+ f6 40. Bxc3 Qxa2+ 41. Bd2 b4 42. d6 b3 43. d7 b2 44. d8=Q b1=Q 45. Qe7+ Kg8 46. Qdd8# 1-0

[Event "European Online Club-ch-D 2021"]
[Site "Online"]
[Date "2021.03.27"]
[Round "6.7"]
[White "Pascual Palomo, Lucia"]
[Black "Dauletova, Gulmira"]
[Result "0-1"]
[ECO "C47"]
[WhiteElo "2101"]
[BlackElo "2285"]
[Annotator "NA"]
[PlyCount "94"]
[EventDate "2021.03.27"]
[EventType "team-tourn"]
[EventCountry "NET"]
[SourceTitle "playchess.com"]
[Source "ChessBase"]
[SourceQuality "1"]
[TimeControl "900+5"]

1. e4 e5 2. Nf3 Nc6 3. d4 exd4 4. Nxd4 Nf6 5. Nc3 Bb4 6. Nxc6 bxc6 7. Bd3 O-O 8. O-O d5 9. exd5 cxd5 10. Bg5 c6 11. Ne2 Bd6 12. h3 Be5 13. c3 h6 14. Bh4 Rb8 15. Rb1 Re8 16. f4 Bd6 17. Nd4 Bd7 18. Kh1 Be7 19. Bf5 Ne4 20. Be1 Bf6 21. Bxd7 Qxd7 22. Qa4 Rb6 23. Rf3 Reb8 24. b3 Qb7 25. Qa3 c5 26. Ne2 d4 27. cxd4 cxd4 28. Rd1 Ra6 29. Qc1 Rxa2 30. Nxd4 Rd8 31. Nf5 Rxd1 32. Qxd1 Ra1 33. Qe2 Bc3 34. Rf1 g6 35. Bxc3 Rxf1+ 36. Qxf1 Nxc3 37. Nxh6+ Kg7 38. Ng4 Qxb3 39. Kh2 Qd5 40. Qa6 Qd4 41. Qf1 a5 42. Ne5 a4 43. g3 a3 44. Qg2 a2 45. Qf1 Qd2+ 46. Kh1 Qd1 47. Qxd1 Nxd1 0-1

[Event "European Online Club-ch-D 2021"]
[Site "Online"]
[Date "2021.03.27"]
[Round "6.8"]
[White "Muminova, Nafisa"]
[Black "Estevez Sacristan, Deva"]
[Result "1-0"]
[ECO "A80"]
[WhiteElo "2274"]
[BlackElo "1932"]
[Annotator "NA"]
[PlyCount "57"]
[EventDate "2021.03.27"]
[EventType "team-tourn"]
[EventCountry "NET"]
[SourceTitle "playchess.com"]
[Source "ChessBase"]
[SourceQuality "1"]
[TimeControl "900+5"]

1. d4 f5 2. Nc3 Nf6 3. Bg5 d5 4. e3 Be6 5. Nf3 Ne4 6. Nxe4 fxe4 7. Ne5 g6 8. f3 Bg7 9. Be2 O-O 10. O-O exf3 11. Bxf3 c5 12. c3 Na6 13. Bg4 Bxg4 14. Qxg4 Qd6 15. Bf4 Qf6 16. Bg3 Qb6 17. Nd7 Rxf1+ 18. Rxf1 Qc6 19. Ne5 Qb6 20. Qd7 cxd4 21. exd4 Qd6 22. Qxb7 Rb8 23. Qxa7 Qe6 24. Nc6 Qxc6 25. Bxb8 Qc8 26. Bg3 h6 27. h3 Kh7 28. Qxe7 Qg8 29. Rf7 1-0

[Event "European Online Club-ch-D 2021"]
[Site "Online"]
[Date "2021.03.27"]
[Round "6.10"]
[White "Roubalik, Jakub"]
[Black "Howell, David W L"]
[Result "1/2-1/2"]
[ECO "E12"]
[WhiteElo "2391"]
[BlackElo "2658"]
[Annotator "ChessBase"]
[PlyCount "107"]
[EventDate "2021.03.27"]
[EventType "team-tourn"]
[EventCountry "NET"]
[SourceTitle "playchess.com"]
[Source "ChessBase"]
[SourceQuality "1"]
[TimeControl "900+5"]

1. d4 Nf6 2. c4 e6 3. Nf3 b6 4. a3 Bb7 5. Nc3 d5 6. cxd5 Nxd5 7. e3 g6 8. h4 h6 9. Bb5+ c6 10. Bd3 Nxc3 11. bxc3 Bg7 12. e4 c5 13. Be3 Nd7 14. Qe2 Nf6 15. Bf4 O-O 16. Be5 cxd4 17. cxd4 Rc8 18. O-O Nh5 19. Bxg7 Kxg7 20. Qe3 Rc3 21. Rfc1 Qc7 22. Rxc3 Qxc3 23. Rc1 Qxa3 24. Rc7 Ba6 25. Bxa6 Qxa6 26. Ne5 Qa1+ 27. Kh2 Qd1 28. Rxa7 Nf6 29. f3 b5 30. Rb7 Qb1 31. Qf4 Qb4 32. Nc6 Qc3 33. Qd6 Qe1 34. Qf4 Nh5 35. Qg4 Nf6 36. Qg3 Qxg3+ 37. Kxg3 Nh5+ 38. Kf2 g5 39. hxg5 hxg5 40. Rxb5 Kh6 41. Ne5 Nf4 42. Rb6 Kg7 43. Rb7 Ng6 44. Nxg6 Kxg6 45. Ke3 Kf6 46. Rb6 Ra8 47. d5 Ke5 48. dxe6 fxe6 49. Rb5+ Kf6 50. Kf2 Ra2+ 51. Kg3 Re2 52. Kh3 g4+ 53. Kxg4 Rxg2+ 54. Kf4 1/2-1/2

[Event "European Online Club-ch-D 2021"]
[Site "Online"]
[Date "2021.03.27"]
[Round "6.11"]
[White "McShane, Luke J"]
[Black "Vymazal, Bronislav"]
[Result "1-0"]
[ECO "B00"]
[WhiteElo "2674"]
[BlackElo "2350"]
[Annotator "ChessBase"]
[PlyCount "43"]
[EventDate "2021.03.27"]
[EventType "team-tourn"]
[EventCountry "NET"]
[SourceTitle "playchess.com"]
[Source "ChessBase"]
[SourceQuality "1"]
[TimeControl "900+5"]

1. e4 b6 2. d4 Bb7 3. Bd3 Nf6 4. Qe2 Nc6 5. c3 e5 6. d5 Ne7 7. h4 Ng6 8. h5 Nf4 9. Bxf4 exf4 10. Nh3 Bd6 11. e5 O-O 12. exf6 Re8 13. Be4 Bxd5 14. Nd2 Qxf6 15. O-O-O Bxa2 16. Qd3 Rac8 17. Bxh7+ Kh8 18. Ne4 Qh6 19. Bf5 Re5 20. f3 Bb3 21. Nhf2 Bf8 22. Ng4 1-0

[Event "European Online Club-ch-D 2021"]
[Site "Online"]
[Date "2021.03.27"]
[Round "6.12"]
[White "Kusa, Jakub"]
[Black "Cheparinov, Ivan"]
[Result "0-1"]
[ECO "B51"]
[WhiteElo "2336"]
[BlackElo "2667"]
[Annotator "ChessBase"]
[PlyCount "44"]
[EventDate "2021.03.27"]
[EventType "team-tourn"]
[EventCountry "NET"]
[SourceTitle "playchess.com"]
[Source "ChessBase"]
[SourceQuality "1"]
[TimeControl "900+5"]

1. e4 c5 2. Nf3 d6 3. Bb5+ Nd7 4. O-O a6 5. Bd3 Ngf6 6. Re1 e6 7. c3 b5 8. Bc2 c4 9. d4 cxd3 10. Qxd3 Bb7 11. Qe2 Be7 12. a4 O-O 13. Bg5 h6 14. Bh4 bxa4 15. Rxa4 e5 16. Bxf6 Bxf6 17. c4 Nc5 18. Ra1 Qb6 19. Nc3 Qxb2 20. Nd5 Bxd5 21. exd5 e4 22. h3 exf3 0-1

[Event "European Online Club-ch-D 2021"]
[Site "Online"]
[Date "2021.03.27"]
[Round "6.14"]
[White "Ibrahimli, Murad"]
[Black "Lagarde, Maxime"]
[Result "1/2-1/2"]
[ECO "A88"]
[WhiteElo "2436"]
[BlackElo "2640"]
[Annotator "ChessBase"]
[PlyCount "235"]
[EventDate "2021.03.27"]
[EventType "team-tourn"]
[EventCountry "NET"]
[SourceTitle "playchess.com"]
[Source "ChessBase"]
[SourceQuality "1"]
[TimeControl "900+5"]

1. d4 f5 2. c4 Nf6 3. Nc3 d6 4. g3 g6 5. Bg2 Bg7 6. Nf3 O-O 7. O-O c6 8. b3 Na6 9. Re1 e5 10. dxe5 dxe5 11. Ba3 e4 12. Bxf8 Qxf8 13. Nd4 Ng4 14. h3 Ne5 15. Qd2 Nc5 16. Rad1 a5 17. Qc2 h5 18. Na4 Nxa4 19. bxa4 Qc5 20. Nb3 Qe7 21. f4 Nf7 22. e3 c5 23. g4 hxg4 24. hxg4 Be6 25. gxf5 gxf5 26. Bh3 b6 27. Qf2 Bf6 28. Kh2 Nh6 29. Nd2 Kf7 30. Qe2 Rh8 31. Rh1 Kf8 32. Rdg1 Bf7 33. Rg3 Bh4 34. Rg2 Qe8 35. Nf1 Qxa4 36. Qb2 Rh7 37. Qxb6 Qxc4 38. Qb8+ Be8 39. Kg1 Qe6 40. Ng3 Rg7 41. Ne2 Rxg2+ 42. Bxg2 Be7 43. Bh3 Qf6 44. Qe5 c4 45. Nd4 c3 46. Qxf6+ Bxf6 47. Kf2 Bxd4 48. exd4 c2 49. Rc1 Ba4 50. Ke3 Ke7 51. d5 Kd6 52. Kd4 Ng4 53. Bxg4 fxg4 54. Kxe4 g3 55. f5 g2 56. f6 Bb5 57. f7 Ke7 58. Kf3 Kxf7 59. Kxg2 Bc4 60. Rxc2 Bxd5+ 61. Kf2 a4 62. Ke3 Ke7 63. Kd4 Be6 64. Ke5 Bf7 65. Rc7+ Ke8 66. a3 Bb3 67. Kd6 Kf8 68. Re7 Ba2 69. Re4 Bb3 70. Kc5 Kf7 71. Kd6 Kf8 72. Kd7 Kf7 73. Rf4+ Kg6 74. Kc6 Kg5 75. Rf8 Bc2 76. Kb5 Bb3 77. Rf1 Bc2 78. Rf2 Bb3 79. Kc5 Kg6 80. Kd6 Kg5 81. Ke5 Kg6 82. Rf3 Kg7 83. Kd4 Bd1 84. Rf4 Kg6 85. Kc5 Kg5 86. Rf1 Bb3 87. Kd6 Kg6 88. Ke7 Kg5 89. Rf2 Kg6 90. Kd6 Kg5 91. Ke5 Kg6 92. Rf1 Bc2 93. Rg1+ Kf7 94. Rc1 Bb3 95. Rc7+ Kg6 96. Rc3 Kg7 97. Rf3 Kg6 98. Kd4 Kg5 99. Kc5 Kg4 100. Rf8 Kg5 101. Kb4 Kg6 102. Ra8 Kf6 103. Ra6+ Ke7 104. Kc5 Kd7 105. Ra7+ Ke6 106. Rh7 Ke5 107. Re7+ Kf6 108. Re3 Kf5 109. Kb4 Kf6 110. Rxb3 axb3 111. Kxb3 Ke6 112. Kb4 Kd7 113. Kb5 Kc8 114. Kb6 Kb8 115. a4 Ka8 116. a5 Kb8 117. a6 Ka8 118. a7 1/2-1/2

[Event "European Online Club-ch-D 2021"]
[Site "Online"]
[Date "2021.03.27"]
[Round "6.15"]
[White "Maurizzi, Marc Andria"]
[Black "Babazada, Khazar"]
[Result "1/2-1/2"]
[ECO "E94"]
[WhiteElo "2461"]
[BlackElo "2409"]
[Annotator "ChessBase"]
[PlyCount "82"]
[EventDate "2021.03.27"]
[EventType "team-tourn"]
[EventCountry "NET"]
[SourceTitle "playchess.com"]
[Source "ChessBase"]
[SourceQuality "1"]
[TimeControl "900+5"]

1. d4 Nf6 2. c4 g6 3. Nc3 Bg7 4. e4 d6 5. Nf3 O-O 6. Be2 Na6 7. O-O e5 8. Rb1 c6 9. b4 exd4 10. Nxd4 Re8 11. f3 Nc7 12. Bg5 h6 13. Bh4 Ne6 14. Nxe6 Bxe6 15. Qd2 Nxe4 16. Nxe4 Qxh4 17. Qxd6 Rad8 18. Qc7 Bf5 19. g3 Bd4+ 20. Kh1 Qh3 21. Qxb7 Rxe4 22. fxe4 Bxe4+ 23. Bf3 Bxb1 24. Rxb1 Qf5 25. Rf1 Qd3 26. Bg2 Qxc4 27. Qxc6 Qxa2 28. b5 Bb6 29. h4 h5 30. Kh2 Rd2 31. Kh3 Bd8 32. Qe8+ Kg7 33. Qe5+ Kh7 34. Qf4 Kg8 35. Qe4 Bc7 36. Qf3 Qe6+ 37. Kh2 Re2 38. Kh1 Re3 39. Qa8+ Kg7 40. Qxa7 Bxg3 41. Rxf7+ Qxf7 1/2-1/2

[Event "European Online Club-ch-D 2021"]
[Site "Online"]
[Date "2021.03.27"]
[Round "6.16"]
[White "Samadov, Read"]
[Black "Guliyev, Namig"]
[Result "0-1"]
[ECO "C42"]
[WhiteElo "2332"]
[BlackElo "2538"]
[Annotator "ChessBase"]
[PlyCount "122"]
[EventDate "2021.03.27"]
[EventType "team-tourn"]
[EventCountry "NET"]
[SourceTitle "playchess.com"]
[Source "ChessBase"]
[SourceQuality "1"]
[TimeControl "900+5"]

1. d4 d5 2. c4 dxc4 3. e3 e5 4. Bxc4 exd4 5. exd4 Nf6 6. Nf3 Be7 7. O-O O-O 8. Nc3 Nbd7 9. Re1 Nb6 10. Bb3 c6 11. Ne5 Nbd5 12. Qf3 Be6 13. Bg5 Nc7 14. Bxe6 Nxe6 15. Bxf6 Bxf6 16. d5 cxd5 17. Nxd5 Bxe5 18. Rxe5 Qd6 19. Rae1 Rac8 20. Qg3 Kh8 21. Nc3 h6 22. Rd5 Qxg3 23. hxg3 Rfd8 24. Red1 g5 25. Kf1 Kg7 26. Ke2 Rxd5 27. Rxd5 a6 28. Kd2 h5 29. a3 Kg6 30. b4 Rc6 31. Rd7 b5 32. Ne4 h4 33. Rd6 Rxd6+ 34. Nxd6 f5 35. gxh4 gxh4 36. Ke3 Kg5 37. f3 Nc7 38. Nb7 Nd5+ 39. Kf2 Kf4 40. Nc5 Nc7 41. Nd3+ Kg5 42. g3 hxg3+ 43. Kxg3 Ne6 44. f4+ Kf6 45. Kf2 Ke7 46. Ke3 Kd6 47. Ne5 Kd5 48. Nd7 Kc4 49. Nb8 Nc7 50. Nc6 Nd5+ 51. Kd2 Kb3 52. Nb8 Kxa3 53. Nxa6 Nxf4 54. Ke3 Nd5+ 55. Kf3 Kb3 56. Kg3 Kc4 57. Kf3 Kd4 58. Kf2 Kc3 59. Kf3 Kc4 60. Kg3 Nxb4 61. Nc7 Nd5 0-1

[Event "European Online Club-ch-D 2021"]
[Site "Online"]
[Date "2021.03.27"]
[Round "6.17"]
[White "Lupulescu, Constantin"]
[Black "Bauer, Christian"]
[Result "1/2-1/2"]
[ECO "B00"]
[WhiteElo "2656"]
[BlackElo "2639"]
[Annotator "ChessBase"]
[PlyCount "57"]
[EventDate "2021.03.27"]
[EventType "team-tourn"]
[EventCountry "NET"]
[SourceTitle "playchess.com"]
[Source "ChessBase"]
[SourceQuality "1"]
[TimeControl "900+5"]

1. Nf3 b6 2. e4 Bb7 3. Nc3 Nf6 4. e5 Nd5 5. Nxd5 Bxd5 6. d4 e6 7. Bd3 c5 8. dxc5 Nc6 9. Bf4 bxc5 10. c4 Bxf3 11. Qxf3 g5 12. Bg3 Qa5+ 13. Kf1 Rb8 14. Be4 Nd4 15. Qc3 Qb4 16. h4 g4 17. h5 h6 18. Qxb4 Rxb4 19. b3 Bg7 20. Rb1 d6 21. exd6 f5 22. Bd3 Kd7 23. Ke1 Bf6 24. Kd2 a5 25. Rhf1 Bg5+ 26. Kc3 Bf6 27. Kd2 Bg5+ 28. Kc3 Bf6 29. Kd2 1/2-1/2

[Event "European Online Club-ch-D 2021"]
[Site "Online"]
[Date "2021.03.27"]
[Round "6.18"]
[White "Pelletier, Yannick"]
[Black "Parligras, Mircea-Emilian"]
[Result "1/2-1/2"]
[ECO "E13"]
[WhiteElo "2581"]
[BlackElo "2591"]
[Annotator "ChessBase"]
[PlyCount "55"]
[EventDate "2021.03.27"]
[EventType "team-tourn"]
[EventCountry "NET"]
[SourceTitle "playchess.com"]
[Source "ChessBase"]
[SourceQuality "1"]
[TimeControl "900+5"]

1. d4 Nf6 2. c4 e6 3. Nc3 Bb4 4. Nf3 b6 5. Bg5 h6 6. Bh4 g5 7. Bg3 Ne4 8. Qc2 Bb7 9. O-O-O Bxc3 10. bxc3 Qe7 11. Kb2 d6 12. Nd2 f5 13. f3 Nxg3 14. hxg3 Nd7 15. g4 Qf7 16. gxf5 exf5 17. e3 O-O-O 18. Bd3 f4 19. Rde1 fxe3 20. Rxe3 Nf6 21. Bg6 Qf8 22. Qf5+ Kb8 23. Re6 Nd7 24. Ne4 Ba6 25. Qd5 Bb7 26. Qf5 Ba6 27. Qd5 Bb7 28. Qf5 1/2-1/2

[Event "European Online Club-ch-D 2021"]
[Site "Online"]
[Date "2021.03.27"]
[Round "6.19"]
[White "Toma, Radu-Cristian"]
[Black "Petkidis, Anthony"]
[Result "0-1"]
[ECO "A30"]
[WhiteElo "2385"]
[BlackElo "2401"]
[Annotator "NA"]
[PlyCount "74"]
[EventDate "2021.03.27"]
[EventType "team-tourn"]
[EventCountry "NET"]
[SourceTitle "playchess.com"]
[Source "ChessBase"]
[SourceQuality "1"]
[TimeControl "900+5"]

1. Nf3 c5 2. c4 Nf6 3. Nc3 e6 4. g3 b6 5. Bg2 Bb7 6. O-O Be7 7. d4 cxd4 8. Qxd4 d6 9. Rd1 O-O 10. b3 Nbd7 11. Ba3 Nc5 12. Rac1 a6 13. Bb2 Qc7 14. b4 Ncd7 15. a3 Rac8 16. Nb1 Rfe8 17. Nbd2 Qb8 18. Ng5 Bxg2 19. Kxg2 Red8 20. f3 b5 21. Nge4 bxc4 22. Rxc4 d5 23. Rxc8 Rxc8 24. Nc3 Ne5 25. e4 Nc6 26. Qf2 d4 27. Ne2 e5 28. Rb1 Qb5 29. Qf1 Qd3 30. Qe1 a5 31. b5 Nb4 32. axb4 Bxb4 33. Rd1 Rc2 34. Bc1 Qxb5 35. Qf1 a4 36. f4 Ng4 37. Nf3 Rxe2+ 0-1

[Event "European Online Club-ch-D 2021"]
[Site "Online"]
[Date "2021.03.27"]
[Round "6.20"]
[White "Fischer, Daniel"]
[Black "Gavrilescu, David"]
[Result "0-1"]
[ECO "C07"]
[WhiteElo "2276"]
[BlackElo "2476"]
[Annotator "ChessBase"]
[PlyCount "68"]
[EventDate "2021.03.27"]
[EventType "team-tourn"]
[EventCountry "NET"]
[SourceTitle "playchess.com"]
[Source "ChessBase"]
[SourceQuality "1"]
[TimeControl "900+5"]

1. e4 e6 2. d4 d5 3. Nd2 c5 4. Ngf3 cxd4 5. Nxd4 Nc6 6. Bb5 Bd7 7. Nxc6 bxc6 8. Bd3 Qc7 9. Qe2 Ne7 10. O-O Ng6 11. Nf3 Bd6 12. c4 d4 13. Re1 e5 14. h3 O-O 15. a3 a5 16. b3 Rab8 17. Bc2 c5 18. Nd2 Nf4 19. Qf3 Bc6 20. g4 f5 21. gxf5 Rxf5 22. Nf1 Rbf8 23. Bxf4 Rxf4 24. Qg2 Qf7 25. Re2 a4 26. bxa4 Qxc4 27. Rd2 Qc3 28. Rad1 c4 29. Ng3 Qxa3 30. Nh5 R4f7 31. f4 d3 32. Bb1 exf4 33. Kh1 Qc5 34. Qg4 Bxe4+ 0-1